Map: Planta ácida EJ

Players

VortiX

  • Race: Zerg Zerg
  • Spawn Location: 5:00

Stephano - Winner!

  • Race: Zerg Zerg
  • Spawn Location: 11:00

Event: WCS Valencia 2018

VOD

Have the link to the VOD?

Description

Time

  • Played on: July 12, 2018, 6:19 a.m.
  • Length: 13:07

All games in this series

Show
View Real Time Build Order
Export as new Build Order

VortiX Zerg 

Build Orders: Hatch First, Muta Ling Bane 

Get SALT Encoding   

  12  0:00  Drone  
  13  0:12  Overlord  
  13  0:17  Drone  
  14  0:31  Drone x2  
  16  0:48  Hatchery  
  15  0:51  Drone  
  15  0:54  Drone  
  17  1:04  Extractor  
  17  1:10  Spawning Pool  
  15  1:13  Drone  
  15  1:17  Drone  
  17  1:20  Drone  
  18  1:28  Drone  
  19  1:39  Drone  
  20  1:49  Overlord  
  20  1:57  Queen  
  20  2:00  Queen  
  20  2:01  Evolution Chamber  
  23  2:03  Drone  
  23  2:06  Drone  
  25  2:11  Drone  
  25  2:13  Drone  
  27  2:21  Drone  
  29  2:22  Drone  
  29  2:26  Zerg Melee Weapons Level 1  
  29  2:32  Drone  
  29  2:34  Drone  
  31  2:38  Queen  
  31  2:43  Overlord  
  33  2:48  Drone  
  33  2:50  Metabolic Boost  
  34  2:54  Drone  
  34  2:55  Drone  
  36  3:03  Evolution Chamber  
  35  3:07  Drone  
  35  3:08  Drone x2  
  35  3:10  Evolution Chamber  
  37  3:16  Roach Warren  
  37  3:19  Overlord  
  36  3:24  Zergling x4  
  38  3:28  Zergling x4  
  38  3:34  Zergling x2  
  41  3:39  Zergling x4  
  43  3:48  Zergling x8  
  45  3:49  Zergling x4  
  45  3:51  Zergling x2  
  50  4:01  Lair  
  48  4:02  Extractor  
  48  4:04  Overlord  
  48  4:05  Drone x2  
  48  4:08  Queen  
  49  4:11  Drone  
  49  4:12  Drone  
  51  4:17  Drone  
  51  4:19  Overlord  
  51  4:21  Extractor  
  51  4:25  Drone x3  
  51  4:28  Drone  
  54  4:32  Drone x2  
  54  4:35  Drone  
  51  4:41  Zergling x2  
  51  4:45  Overlord, Drone  
  53  4:46  Drone x2  
  53  4:51  Extractor  
  53  4:52  Zergling x2  
  52  4:53  Zergling x4  
  52  4:59  Spire  
  52  5:05  Zergling x2  
  52  5:06  Zergling x2  
  52  5:15  Zergling x4  
  52  5:21  Overlord  
  54  5:22  Zergling x6  
  54  5:23  Zergling x2  
  58  5:29  Drone x3  
  61  5:38  Drone  
  62  5:44  Overlord  
  61  5:53  Overlord  
  61  5:58  Hatchery  
  58  6:10  Mutalisk x7  
  66  6:13  Mutalisk  
  66  6:18  Drone x2  
  67  6:19  Baneling Nest  
  67  6:22  Zergling x2  
  67  6:23  Zergling x4  
  70  6:27  Zergling x2  
  70  6:30  Mutalisk  
  73  6:40  Mutalisk  
  73  6:43  Queen  
  77  6:47  Zergling x2  
  77  6:48  Zergling x6  
  77  6:49  Zerg Melee Weapons Level 2  
  77  6:52  Zergling x2  
  77  6:53  Zergling x2  
  83  6:58  Zergling x4  
  83  6:59  Zergling x2  
  80  7:19  Mutalisk x3  
  80  7:20  Mutalisk  
  88  7:34  Centrifical Hooks  
  88  7:35  Zergling x18  
  88  7:36  Zergling x4  
  99  7:43  Overlord  
  99  7:48  Mutalisk x2  
  103  7:54  Baneling x3  
  103  7:58  Baneling x2  
  103  7:59  Zergling x2  
  103  8:00  Zergling x4  
  103  8:01  Overlord x2  
  103  8:02  Baneling  
  103  8:03  Zergling x4  
  103  8:04  Zergling x2  
  103  8:05  Baneling x2  
  109  8:08  Baneling  
  109  8:11  Zergling x4  
  109  8:25  Zergling x2  
  109  8:26  Zergling x16  
  101  8:30  Zergling x6  
  101  8:31  Zergling x2  
  93  8:36  Zergling x2  
  93  8:37  Zergling x2  
  92  8:42  Mutalisk x2  
  91  8:51  Mutalisk x2  
  88  9:03  Drone x4  
  88  9:08  Mutalisk  
  94  9:10  Mutalisk  
  94  9:12  Mutalisk  
  98  9:19  Baneling x3  
  98  9:20  Zergling x4  
  98  9:22  Baneling  
  98  9:23  Zergling x2  
  101  9:26  Baneling, Unknown  
  101  9:27  Baneling, Unknown  
  101  9:29  Unknown  
  101  9:30  Overseer  
  101  9:32  Zergling x2  
  101  9:33  Zergling x10  
  107  9:40  Zergling x4  
  107  9:41  Zergling x6  
  107  9:42  Baneling x2  
  107  9:43  Baneling  
  112  9:46  Baneling x3  
  112  9:52  Zergling x2  
  113  9:53  Zergling x6  
  80  10:14  Drone x4  
  80  10:15  Drone x3  
  80  10:17  Zerg Missile Weapons Level 1, Extractor x2  
  80  10:18  Zerg Ground Armor Level 1  
  83  10:22  Mutalisk  
  83  10:26  Baneling  
  83  10:27  Baneling x3  
  83  10:28  Drone x3  
  88  10:32  Drone  
  89  10:37  Roach x2  
  89  10:41  Glial Reconstitution  
  93  10:42  Overlord  
  93  10:43  Hatchery  
  93  10:49  Roach x3  
  98  10:56  Drone x4  
  98  10:57  Drone  
  103  11:00  Drone x3  
  103  11:02  Drone  
  103  11:03  Drone  
  108  11:09  Roach x2  
  112  11:16  Overlord x3  
  112  11:20  Overlord  
  112  11:29  Overlord  
  112  11:34  Roach x4  
  112  11:39  Roach x4  
  128  11:45  Infestation Pit  
  127  11:47  Extractor  
  127  11:48  Drone x3  
  127  11:49  Extractor  
  127  11:50  Drone x2  
  127  11:52  Drone  
  132  11:54  Ravager x4  
  132  11:59  Roach x2  
  139  12:03  Drone x3  
  139  12:08  Overseer  
  142  12:16  Drone  
  142  12:18  Overlord  
  142  12:21  Overlord  
  143  12:29  Roach x2  
  131  12:38  Roach x3  
  131  12:39  Roach x3  
  131  12:40  Ravager  
  131  12:41  Unknown, Roach  
Show
View Real Time Build Order
Export as new Build Order

Stephano Zerg - Winner!

Build Orders: Hatch First 

Get SALT Encoding   

  12  0:00  Drone  
  13  0:13  Overlord  
  13  0:17  Drone  
  14  0:31  Drone x2  
  16  0:48  Hatchery  
  15  0:52  Drone  
  15  0:55  Drone  
  17  0:58  Drone  
  18  1:10  Extractor  
  17  1:15  Spawning Pool  
  17  1:17  Drone  
  17  1:20  Drone  
  18  1:29  Drone  
  19  1:39  Drone  
  20  1:50  Drone  
  21  2:01  Queen  
  21  2:02  Drone, Queen  
  21  2:03  Overlord  
  26  2:11  Drone x2  
  26  2:12  Metabolic Boost  
  28  2:23  Drone x2  
  30  2:33  Hatchery  
  29  2:40  Queen  
  29  2:43  Zergling x2  
  32  2:47  Overlord  
  32  2:52  Drone  
  33  2:58  Drone  
  33  2:59  Drone  
  35  3:06  Evolution Chamber  
  35  3:08  Drone  
  35  3:10  Zergling x8  
  35  3:11  Zergling x2  
  40  3:14  Zergling x2  
  40  3:17  Overlord  
  41  3:21  Drone  
  41  3:22  Drone  
  41  3:26  Overlord  
  43  3:32  Drone  
  44  3:36  Zerg Missile Weapons Level 1  
  44  3:37  Drone  
  44  3:39  Extractor  
  44  3:41  Drone x3  
  47  3:45  Drone  
  47  3:46  Drone  
  49  3:53  Drone x4  
  52  3:58  Zergling x4  
  51  4:03  Zergling x2  
  51  4:07  Queen  
  51  4:08  Zergling x4  
  54  4:15  Zergling x10  
  59  4:21  Zergling x6  
  59  4:23  Zergling x2  
  63  4:29  Zergling x6  
  66  4:33  Zergling x2  
  66  4:34  Zergling x2  
  66  4:36  Queen  
  56  4:40  Zergling x2  
  56  4:41  Zergling x2  
  56  4:45  Roach Warren  
  53  4:53  Extractor  
  53  4:57  Queen  
  53  4:58  Drone x5  
  59  5:02  Overlord x2  
  59  5:13  Drone  
  57  5:17  Lair  
  57  5:18  Drone  
  57  5:20  Drone x6  
  64  5:26  Roach x2  
  68  5:33  Zerg Ground Armor Level 1  
  68  5:37  Roach x3  
  74  5:44  Roach x2  
  74  5:45  Roach  
  74  5:49  Roach  
  81  5:50  Overlord x2  
  81  6:00  Roach  
  81  6:01  Overlord  
  81  6:02  Overlord  
  79  6:06  Overlord  
  79  6:10  Drone x5  
  79  6:11  Queen  
  80  6:15  Ravager  
  80  6:16  Ravager  
  80  6:17  Overseer  
  80  6:18  Hydralisk Den  
  81  6:20  Drone x5  
  81  6:23  Queen  
  88  6:26  Extractor  
  88  6:27  Extractor, Pneumatized Carapace  
  88  6:30  Extractor, Drone x2  
  87  6:34  Glial Reconstitution  
  87  6:35  Evolution Chamber  
  86  6:44  Spore Crawler  
  86  6:46  Roach  
  86  6:47  Roach x3  
  93  6:57  Spore Crawler x2  
  93  6:58  Spore Crawler  
  93  7:00  Spore Crawler  
  85  7:06  Drone x5  
  85  7:07  Drone  
  90  7:13  Hydralisk x4, Queen  
  94  7:18  Drone x3  
  94  7:23  Muscular Augments  
  94  7:29  Hydralisk  
  96  7:32  Overlord  
  96  7:33  Overlord  
  96  7:34  Overlord  
  96  7:43  Overlord  
  96  7:45  Overlord x2  
  96  7:49  Zerg Missile Weapons Level 2  
  96  7:52  Drone x4  
  96  7:53  Drone x2  
  96  7:57  Hydralisk x2  
  106  8:02  Drone x4  
  110  8:10  Roach x3  
  116  8:17  Roach x2  
  108  8:27  Hydralisk x5  
  108  8:30  Hydralisk  
  108  8:31  Zergling x2  
  102  8:35  Hydralisk  
  102  8:36  Hydralisk  
  102  8:40  Hydralisk  
  104  8:44  Spore Crawler  
  104  8:45  Hydralisk  
  103  8:56  Hydralisk x2  
  101  9:08  Hatchery  
  97  9:10  Hydralisk x3  
  97  9:12  Queen  
  105  9:17  Spore Crawler  
  105  9:23  Roach x3  
  110  9:31  Roach x3  
  110  9:35  Hydralisk  
  118  9:43  Spore Crawler x3  
  115  9:46  Hydralisk  
  117  9:58  Hydralisk  
  117  9:59  Hydralisk x2  
  107  10:09  Roach x2  
  101  10:14  Hydralisk x2  
  105  10:28  Zerg Ground Armor Level 2  
  105  10:34  Queen x2  
  109  10:36  Drone  
  109  10:37  Drone  
  109  10:38  Hatchery  
  110  10:43  Grooved Spines  
  110  10:48  Hydralisk x3  
  116  11:01  Hydralisk x5  
  126  11:17  Hydralisk x2  
  130  11:28  Overlord  
  130  11:29  Overlord x3  
  130  11:34  Overlord  
  130  11:38  Overlord  
  130  11:49  Roach x9  
  130  11:50  Roach  
  150  11:56  Roach x3  
  150  11:59  Roach  
  158  12:03  Roach x2  
  158  12:04  Overseer  
  158  12:07  Roach  
  164  12:10  Roach  
  164  12:14  Roach x3  
  172  12:17  Overlord  
  172  12:21  Roach x2  
  176  12:35  Roach x6  
  180  12:41  Roach x4  
  180  12:43  Roach  
Tags
 
Add a new tag
Caveats
  • Supply blocks, unpowered buildings, or Contaminate may cause inaccurate times.
  • Supply counts are checked every 10 seconds.